 Dungeon Crawl Stone Soup version 0.23.2-11-gf996548c65 (webtiles) character file.

Game seed: 7672481401727322727

160 MalarOregon the Ruffian (level 5, -3/44 HPs)
             Began as a Ghoul Warper on June 4, 2019.
             Killed by divine providence
             ... invoked by an orc priest
              (12 damage)
             ... on level 4 of the Dungeon.
             The game lasted 00:07:02 (3690 turns).

MalarOregon the Ruffian (Ghoul Warper)              Turns: 3690, Time: 00:07:03

Health: -3/44      AC:  3    Str: 18    XL:     5   Next: 41%
Magic:  7/7        EV: 12    Int:  8    God:
Gold:   107        SH:  0    Dex:  9    Spells: 4/8 levels left

rFire    . . .     SeeInvis .     - Unarmed
rCold    + . .     Gourm    .   (no shield)
rNeg     + + +     Faith    .   a - +0 leather armour
rPois    ∞         Spirit   .   (no helmet)
rElec    .         Reflect  .   (no cloak)
rCorr    .         Harm     .   (no gloves)
MR       .....                  (no boots)
Stlth    +.........             (no amulet)
HPRegen  0.00/turn              c - +3 ring of strength
MPRegen  0.10/turn              (no ring)

@: rotting
A: rotting body, claws 1, carnivore, cold resistance 1, negative energy
resistance 3, inhibited regeneration, torment resistance, unbreathing
a: no special abilities


You were on level 4 of the Dungeon.
You were not hungry.

You visited 1 branch of the dungeon, and saw 4 of its levels.

You collected 107 gold pieces.

Inventory:

Missiles
 b - 117 stones
 d - 5 tomahawks of dispersal (quivered) {!f}
 n - 7 curare-tipped needles {!f}
Armour
 a - a +0 leather armour (worn)
Jewellery
 c - a +3 ring of strength (left claw)
   (You found it on level 3 of the Dungeon)
 k - an uncursed ring of ice
   (You found it on level 1 of the Dungeon)
Wands
 j - a wand of polymorph (1)
   (You took it off Ijyb on level 3 of the Dungeon)
Scrolls
 f - a scroll of remove curse {@r2}
 l - a scroll of identify {@r1}
 m - a scroll of amnesia
Potions
 g - a potion of cancellation {unknown}
 h - a potion of magic {unknown}
 i - a potion of invisibility
Comestibles
 e - 5 rations {!d}


   Skills:
 + Level 2.9 Fighting
 + Level 1.6 Throwing
 + Level 1.7 Armour
 + Level 2.3 Dodging
 + Level 1.9 Stealth
 * Level 3.5 Unarmed Combat
 + Level 2.2 Spellcasting
 - Level 2.6 Translocations


You had 4 spell levels left.
You knew the following spells:

 Your Spells              Type           Power        Failure   Level  Hunger
b - Blink                 Tloc           N/A          21%         2    ###....
q - Shroud of Golubria    Chrm/Tloc      #.........   36%         2    ###....

Your spell library contained the following spells:

 Spells                   Type           Power        Failure   Level  Hunger
 Apportation              Tloc           #.....       14%         1    ##.....
 Summon Butterflies       Summ           #.......     38%         1    ##.....
 Gell's Gravitas          Tloc           #.........   38%         3    ####...
 Lesser Beckoning         Tloc           #.........   38%         3    ####...
 Teleport Other           Tloc           #.......     38%         3    ####...
 Tukima's Dance           Hex            #.......     77%         3    ####...
 Passage of Golubria      Tloc           N/A          80%         4    #####..
 Alistair's Intoxication  Tmut/Pois      #.......     100%        5    ######.
 Invisibility             Hex            #.......     100%        6    #######


Dungeon Overview and Level Annotations

Branches:
Dungeon (4/15)
 Temple: D:4-7

Altars:
Kikubaaqudgha
Trog
Xom
Yredelemnul

Annotations:
D:2 exclusion: door, Sigmund


Innate Abilities, Weirdness & Mutations

Your body is rotting away.
You thrive on raw meat.
You are immune to poison.
You have sharp fingernails.
You are carnivorous and can eat meat at any time.
Your flesh is cold resistant. (rC+)
You are immune to negative energy. (rN+++)
You do not regenerate when monsters are visible.
You are immune to unholy pain and torment.
You can survive without breathing.


Message History

You start memorising the spell.
You continue memorising. x2
You finish memorising.
Spell assigned to 'q'.
o - a scroll labeled XOSEJU JONUDOZ
Found a club.
As you read the scroll labeled XOSEJU JONUDOZ, it crumbles to dust.
You feel strangely unstable.
It was a scroll of teleportation.
An orc comes into view. It is wielding a -1 club.
An orc is nearby!
An orc is nearby!
Unknown command.
An orc is nearby!
Your surroundings suddenly seem different.
An orc comes into view. It is wielding a +0 whip.
The orc shouts!
An adder comes into view.
The adder hisses angrily.
An orc wizard comes into view. It is wielding a +0 dagger.
An orc comes into view.
It is wielding a +0 flail and wearing a +1 ring mail of cold resistance.
An orc priest comes into view. It is wielding a +0 morningstar.
The adder bites you but does no damage.
An orc comes into view. It is wielding a +0 hand axe.
Found 10 gold pieces.
Found an escape hatch in the floor.
The orc shouts!
The orc wizard shouts!
The orc priest barely misses you.
The orc wizard casts a spell.
The orc wizard seems to speed up.
The orc hits you with a +0 whip. The orc hits you with a +0 hand axe.
The orc closely misses you. The orc wizard casts a spell at you.
The magic dart hits you!
The orc priest hits you with a +0 morningstar!
* * * LOW HITPOINT WARNING * * *
The orc wizard hits you with a +0 dagger.
* * * LOW HITPOINT WARNING * * *
The orc closely misses you. The adder closely misses you.
The orc wizard barely misses you.
Really walk into that dispersal trap?
You enter a dispersal trap!
The orc blinks! x2; The adder blinks!
The orc wizard blinks!
The orc priest blinks!
The orc blinks! x2
The orc priest blinks!
The orc blinks! x3; The adder blinks!
You blink.
The orc hits you with a +0 hand axe.
* * * LOW HITPOINT WARNING * * *
Found an orange potion.
There is an escape hatch in the floor here.
The orc wizard points at you and mumbles some strange words.
You resist with some effort.
The adder enters a dispersal trap!
The orc blinks! x2
The orc priest blinks!
The orc blinks!
The orc wizard blinks!
The orc blinks!
You blink.
The adder blinks!
The orc priest mumbles some strange prayers to Beogh against you.
Beogh smites you!
You die...

. ###### ..
#..§.######.
...####...........
....§..§>o.....##
....o.§.§....§..##
####...§......!.#
#.§...........##
#o.So....§@...!#
#...§.....o.....#
##§.............#
#...............#
##..............#
##..§...........
#.......$......
##.............
#....#


You could see an orc priest, an adder and 2 orcs.

Vanquished Creatures
  A scorpion (D:3)
  Ijyb (D:3)
  4 adders
  An ooze (D:3)
  3 leopard geckos (D:3)
  An orc (D:3)
  2 giant cockroaches (D:3)
  5 hobgoblins
  A quokka (D:3)
  5 bats
  A frilled lizard (D:2)
  4 goblins
  6 kobolds
  A quokka skeleton (D:4)
  4 rats
40 creatures vanquished.

Notes
Turn   | Place    | Note
-------+----------+-------------------------------------------
     0 | D:1      | MalarOregon the Ghoul Warper began the quest for the Orb.
     0 | D:1      | Reached XP level 1. HP: 17/17 MP: 2/2
   125 | D:1      | Reached skill level 1 in Throwing
   125 | D:1      | Reached skill level 1 in Armour
   453 | D:1      | Reached XP level 2. HP: 14/23 MP: 3/3
  1064 | D:2      | Noticed Sigmund
  1630 | D:2      | Reached XP level 3. HP: 23/30 MP: 4/4
  1634 | D:2      | Reached skill level 1 in Stealth
  1961 | D:2      | Noticed a sky beast
  2312 | D:3      | Found an ancient bone altar of Kikubaaqudgha.
  2312 | D:3      | Found a bloodstained altar of Trog.
  2312 | D:3      | Found a shimmering altar of Xom.
  2312 | D:3      | Found a basalt altar of Yredelemnul.
  2475 | D:3      | Reached skill level 3 in Unarmed Combat
  2502 | D:3      | Reached XP level 4. HP: 19/37 MP: 6/6
  2825 | D:3      | Reached XP level 5. HP: 7/44 MP: 7/7
  3182 | D:3      | Noticed Ijyb
  3225 | D:3      | Killed Ijyb
  3663 | D:4      | Learned a level 2 spell: Blink
  3666 | D:4      | Learned a level 2 spell: Shroud of Golubria
  3690 | D:4      | Killed from afar by an orc priest

Skill      XL: |  1  2  3 |
---------------+----------+-----
Throwing       | 1 |  1.6
Armour         | 1 |  1.7
Dodging        | 2 |  2.3
Stealth        | 1 |  1.9
Spellcasting   | 2 |  2.2
Unarmed Combat | 3 |  3.5
Fighting       | |  2.9
Translocations | |  2.6

Action                   |  1- 3 |  4- 6 || total
-------------------------+-------+-------++-------
Melee: Unarmed           |   122 |    60 ||   182
       Punch             |     1 |     2 ||     3
  Use: Scroll            |     4 |     1 ||     5
       Potion            |     2 |     1 ||     3
 Stab: Sleeping          |       |     1 ||     1
  Eat: Chunk             |    14 |     4 ||    18
       Ration            |     1 |       ||     1
Armor: Leather armour    |    40 |     7 ||    47
Dodge: Dodged            |    78 |    38 ||   116
